Map: Acropolis LE

Players

Reynor

  • Race: Zerg Zerg
  • Spawn Location: 5:00

Dark - Winner!

  • Race: Zerg Zerg
  • Spawn Location: 11:00

Event: 2019 WCS Global FInals

VOD

Have the link to the VOD?

Description

Time

  • Played on: Nov. 1, 2019, 11:49 p.m.
  • Length: 10:59

All games in this series

Show
View Real Time Build Order
Export as new Build Order

Reynor Zerg 

Build Orders: Hatch First, Lurkers 

Get SALT Encoding   

  12  0:00  Drone  
  13  0:12  Overlord  
  13  0:16  Drone  
  14  0:30  Drone x2  
  16  0:47  Hatchery  
  15  0:51  Drone  
  15  0:54  Drone  
  17  0:58  Drone  
  18  1:08  Extractor  
  17  1:13  Spawning Pool  
  17  1:16  Drone  
  17  1:20  Drone  
  18  1:27  Drone  
  19  1:38  Drone  
  20  1:51  Drone  
  21  1:59  Overlord  
  21  2:00  Queen x2  
  21  2:01  Zergling x2  
  26  2:10  Drone x2  
  26  2:12  Metabolic Boost  
  28  2:20  Drone  
  28  2:22  Drone  
  30  2:34  Hatchery  
  30  2:36  Drone  
  30  2:38  Drone  
  30  2:42  Drone  
  32  2:47  Baneling Nest  
  32  2:48  Drone  
  32  2:54  Overlord  
  32  2:55  Drone  
  33  3:03  Drone  
  33  3:05  Zergling x2  
  35  3:07  Drone  
  37  3:12  Zergling x2  
  37  3:13  Zergling x8  
  37  3:17  Overlord  
  41  3:22  Drone  
  41  3:26  Drone  
  43  3:27  Evolution Chamber  
  43  3:29  Queen  
  43  3:31  Baneling x2  
  44  3:36  Drone  
  44  3:37  Drone  
  44  3:40  Drone x2  
  48  3:43  Drone x2  
  48  3:48  Drone x2  
  52  3:49  Drone  
  52  3:54  Zergling x4  
  55  3:56  Drone  
  55  4:01  Drone x2  
  58  4:07  Zerg Missile Weapons Level 1  
  58  4:10  Overlord  
  58  4:14  Overlord  
  58  4:17  Overlord  
  58  4:22  Overlord  
  58  4:26  Overlord  
  58  4:29  Drone x2  
  59  4:34  Drone  
  59  4:38  Drone x3  
  61  4:39  Drone x5  
  61  4:40  Lair  
  61  4:43  Drone, Extractor  
  61  4:44  Roach Warren, Extractor  
  61  4:45  Drone  
  66  4:53  Overlord  
  66  4:54  Drone x3  
  66  4:56  Drone  
  66  4:58  Pneumatized Carapace  
  69  5:02  Drone, Extractor  
  69  5:03  Extractor  
  69  5:06  Extractor  
  67  5:07  Drone x2  
  69  5:15  Drone x3  
  69  5:19  Overlord  
  69  5:20  Drone  
  73  5:22  Drone x3  
  73  5:23  Drone  
  73  5:24  Overlord  
  77  5:32  Roach x2  
  77  5:33  Baneling x2, Roach x2  
  84  5:37  Drone  
  84  5:38  Overseer  
  84  5:40  Drone  
  86  5:43  Glial Reconstitution  
  86  5:44  Drone x2  
  86  5:45  Hatchery, Queen  
  86  5:46  Queen  
  86  5:48  Roach x2  
  95  5:51  Drone x2  
  97  5:57  Overlord  
  97  6:02  Zerg Missile Weapons Level 2  
  97  6:05  Evolution Chamber  
  97  6:07  Queen  
  98  6:13  Roach x6  
  98  6:16  Drone x3  
  98  6:17  Drone  
  98  6:18  Drone  
  115  6:21  Overlord  
  115  6:26  Roach x4  
  115  6:28  Overlord  
  123  6:36  Overlord, Hydralisk Den  
  122  6:46  Queen  
  124  6:48  Spore Crawler  
  124  6:53  Drone x2  
  124  6:54  Spore Crawler  
  120  6:57  Spore Crawler  
  120  6:58  Queen  
  120  6:59  Spore Crawler, Overseer  
  120  7:01  Drone  
  120  7:02  Drone x2  
  120  7:04  Zerg Ground Armor Level 1  
  120  7:06  Spore Crawler, Drone  
  123  7:10  Roach x6, Lurker Den  
  134  7:17  Overseer  
  134  7:18  Hydralisk x4  
  134  7:22  Drone x2  
  144  7:23  Overlord  
  144  7:27  Overlord  
  144  7:29  Muscular Augments  
  143  7:41  Spore Crawler, Overlord x2  
  142  7:46  Drone  
  142  7:47  Drone  
  142  7:50  Spore Crawler  
  143  7:52  Drone x3  
  143  7:54  Hydralisk x2  
  150  7:58  Infestation Pit  
  150  7:59  Overlord  
  150  8:00  Drone  
  150  8:04  Roach x8  
  166  8:06  Overlord  
  166  8:12  Overlord  
  166  8:15  Spore Crawler  
  166  8:17  Spore Crawler  
  166  8:18  Spore Crawler  
  163  8:20  Overlord  
  163  8:21  Hydralisk x3  
  163  8:22  Drone  
  163  8:23  Drone  
  166  8:27  Spore Crawler, Overlord  
  166  8:30  Hydralisk x4  
  166  8:31  Drone  
  166  8:33  Overlord  
  166  8:34  Spore Crawler  
  172  8:36  Lurker x3  
  172  8:37  Hive  
  171  8:42  Hydralisk x3  
  171  8:46  Hydralisk x3  
  154  8:57  Hydralisk x6  
  154  9:00  Drone x2  
  153  9:06  Hydralisk x2  
  139  9:10  Drone x2  
  139  9:15  Hydralisk x2  
  139  9:22  Drone x3  
  138  9:25  Hydralisk  
  138  9:28  Lurker  
  137  9:31  Lurker  
  137  9:32  Lurker  
  137  9:36  Spore Crawler  
  120  9:38  Spore Crawler  
  120  9:41  Drone x2  
  120  9:43  Drone x2  
  120  9:44  Spore Crawler, Drone  
  105  9:51  Viper x2  
  111  9:55  Drone  
  111  9:57  Hydralisk  
  111  9:59  Queen  
  114  10:01  Extractor  
  114  10:03  Extractor  
  114  10:04  Hydralisk x2  
  114  10:06  Drone x3  
  121  10:09  Drone  
  121  10:12  Hydralisk x2  
  126  10:20  Hydralisk x3  
  129  10:23  Hydralisk  
  129  10:27  Hydralisk  
  111  10:33  Hydralisk  
  111  10:34  Hydralisk  
  111  10:41  Zergling x8  
Show
View Real Time Build Order
Export as new Build Order

Dark Zerg - Winner!

Build Orders: Hatch First, Muta Ling Bane 

Get SALT Encoding   

  12  0:00  Drone  
  13  0:12  Overlord  
  13  0:16  Drone  
  14  0:30  Drone x2  
  16  0:48  Hatchery  
  15  0:51  Drone  
  15  0:55  Drone  
  17  0:59  Drone  
  18  1:09  Extractor  
  17  1:13  Spawning Pool  
  17  1:16  Drone  
  17  1:19  Drone  
  18  1:27  Drone  
  19  1:38  Drone  
  20  1:52  Drone  
  21  2:00  Queen x2  
  26  2:01  Overlord, Drone  
  26  2:11  Drone x2, Metabolic Boost  
  28  2:23  Zergling x2  
  28  2:24  Drone  
  30  2:32  Drone  
  30  2:35  Hatchery  
  30  2:41  Queen  
  32  2:44  Zergling x2  
  32  2:49  Overlord  
  33  2:55  Drone  
  34  2:59  Drone  
  34  3:00  Baneling Nest  
  34  3:01  Drone  
  35  3:07  Drone  
  35  3:08  Drone  
  35  3:10  Drone  
  38  3:15  Overlord  
  38  3:21  Drone x3  
  38  3:23  Drone  
  38  3:26  Drone  
  43  3:42  Evolution Chamber  
  43  3:43  Baneling x3  
  43  3:45  Zergling x2  
  43  3:46  Zergling x10  
  48  3:49  Queen  
  50  4:00  Drone  
  50  4:01  Drone x5  
  55  4:09  Overlord  
  55  4:10  Drone x2  
  57  4:18  Lair  
  57  4:19  Overlord  
  57  4:21  Overlord  
  57  4:22  Baneling x2  
  57  4:23  Overlord  
  57  4:25  Overlord x2  
  57  4:29  Drone x2  
  57  4:30  Extractor  
  58  4:36  Drone x4  
  61  4:39  Drone x2  
  61  4:43  Extractor  
  61  4:44  Extractor  
  60  4:48  Roach Warren  
  60  4:51  Drone x2  
  61  4:53  Zergling x4  
  62  5:00  Drone x4  
  62  5:03  Drone  
  62  5:05  Drone x3  
  70  5:08  Overlord  
  70  5:11  Zerg Melee Weapons Level 1  
  70  5:14  Drone x2  
  70  5:16  Extractor  
  70  5:17  Extractor  
  70  5:21  Spire  
  69  5:25  Drone x3  
  72  5:32  Overlord  
  72  5:33  Roach  
  72  5:34  Roach x2  
  78  5:36  Drone x3  
  78  5:37  Drone  
  78  5:39  Drone  
  83  5:44  Overlord  
  83  5:50  Overlord  
  83  5:56  Hatchery, Zergling x2  
  83  5:57  Zergling x6  
  84  6:01  Zergling x6  
  84  6:02  Zergling x2  
  84  6:03  Zergling x2  
  89  6:04  Zergling x2  
  89  6:05  Zergling x2  
  89  6:06  Zergling x2  
  92  6:11  Spine Crawler  
  92  6:13  Spine Crawler  
  90  6:32  Mutalisk x8  
  90  6:33  Mutalisk  
  90  6:36  Zerg Flyer Weapons Level 1  
  108  6:42  Drone x5  
  108  6:45  Drone x2  
  115  6:47  Drone  
  115  6:48  Drone  
  115  6:49  Drone x2  
  115  6:51  Overseer  
  119  6:54  Drone  
  119  6:58  Overlord, Drone  
  119  7:00  Drone  
  122  7:06  Overlord  
  122  7:09  Zerg Melee Weapons Level 2, Centrifical Hooks  
  122  7:12  Extractor  
  122  7:13  Extractor  
  120  7:17  Overlord  
  120  7:24  Mutalisk x5  
  130  7:34  Zergling x24  
  141  7:40  Overlord  
  141  7:41  Drone  
  141  7:43  Overlord  
  142  7:45  Mutalisk x3  
  148  7:54  Pneumatized Carapace  
  148  7:56  Overseer  
  148  7:59  Mutalisk x3  
  148  8:04  Drone x3  
  157  8:05  Hatchery  
  157  8:10  Mutalisk x2  
  160  8:13  Overseer  
  160  8:18  Overlord  
  160  8:19  Baneling x2  
  160  8:20  Baneling x6  
  160  8:21  Zergling x8  
  160  8:23  Zergling x4  
  160  8:25  Zergling x2  
  167  8:32  Baneling x10  
  167  8:34  Zergling x10  
  169  8:45  Mutalisk x2  
  169  8:46  Zergling x2  
  169  8:48  Mutalisk  
  153  8:51  Zergling x18  
  155  8:56  Mutalisk x2  
  155  9:02  Zergling x10  
  157  9:06  Mutalisk x2  
  157  9:08  Zergling x2  
  154  9:15  Zergling x8  
  151  9:17  Mutalisk  
  151  9:23  Mutalisk  
  143  9:25  Zergling x6  
  143  9:26  Zergling x4  
  143  9:28  Zergling x2  
  142  9:33  Zergling x8  
  142  9:39  Drone  
  142  9:41  Overseer, Zergling x10  
  142  9:42  Mutalisk  
  149  9:52  Zergling x6  
  152  9:58  Baneling x12  
  152  9:59  Baneling x2  
  152  10:00  Zergling x2  
  152  10:03  Baneling x5  
  152  10:05  Hatchery, Zergling x4  
  152  10:06  Zergling x2  
  155  10:10  Baneling x4  
  155  10:11  Zergling x2  
  155  10:12  Zergling x4  
  154  10:23  Zergling x12  
  149  10:29  Mutalisk x4  
  149  10:32  Zergling x12  
  163  10:35  Mutalisk  
  163  10:39  Zergling x2  
  158  10:45  Baneling  
Tags
 
Add a new tag
Caveats
  • Supply blocks, unpowered buildings, or Contaminate may cause inaccurate times.
  • Supply counts are checked every 10 seconds.